 Dungeon Crawl Stone Soup version 0.31.0-32-g396128a36d (webtiles) character file.

Game seed: 2105368130957248281

290 PaiMei the Grave Robber (level 6, -2/43 HPs)
             Began as a Demonspawn Necromancer on Mar 26, 2024.
             Slain by a black bear (7 damage)
             ... on level 6 of the Dungeon.
             The game lasted 00:06:09 (3736 turns).

PaiMei the Grave Robber (Demonspawn Necromancer)    Turns: 3736, Time: 00:06:10

Health: -2/43      AC:  4    Str:  9    XL:     6   Next: 9%
Magic:  5/11       EV: 12    Int: 17    God:
Gold:   340        SH:  0    Dex: 13    Spells: 10/11 levels left

rFire   . . .        f - +3 dagger (speed)
rCold   . . .        (no shield)
rNeg    . . .        m - +0 leather armour
rPois   .            (no helmet)
rElec   .            (no cloak)
rCorr   .            k - +0 pair of gloves
SInv    .            (no boots)
Will    .....        (no amulet)
Stlth   ++           (no ring)
HPRegen 0.27/turn    (no ring)
MPRegen 0.12/turn

%: no passive effects
@: no status effects
A: demonic guardian 2, weakness stinger 1
a: no special abilities


You were on level 6 of the Dungeon.
You visited 1 branch of the dungeon, and saw 4 of its levels.
You also visited: Ossuary.

You collected 340 gold pieces.

Inventory:

Hand Weapons
 c - a +0 long sword
 f - a +3 dagger of speed (weapon)
Armour
 a - a +0 robe
 k - a +0 pair of gloves (worn)
 m - a +0 leather armour (worn)
Jewellery
 e - a ring of resist corrosion
Scrolls
 d - a scroll of revelation {unknown}
 g - a scroll of fog {unknown}
 l - 3 scrolls of identify {unknown}
 n - a scroll of amnesia {unknown}
 q - a scroll of torment {unknown}
 u - a scroll of silence {unknown}
Potions
 b - a potion of magic
 h - a potion of cancellation {unknown}
 i - a potion of might {unknown}
 j - a potion of degeneration {unknown}
 o - a potion of haste {unknown}
 p - a potion of brilliance {unknown}
 r - a potion of curing {unknown}
 s - a potion of berserk rage {unknown}
 t - a potion of attraction {unknown}
 v - a potion of enlightenment {unknown}
 w - a potion of invisibility {unknown}
 x - a potion of resistance {unknown}


   Skills:
 + Level 1.5 Fighting
 + Level 3.2 Dodging
 - Level 3.0 Stealth
 + Level 3.3 Spellcasting
 + Level 5.5 Necromancy


You had 10 spell levels left.
You knew the following spells:

 Your Spells              Type           Power      Damage    Failure   Level
a - Necrotise             Necr           84%        1d8       2%          1

Your spell library contained the following spells:

 Spells                   Type           Power      Damage    Failure   Level
 Vampiric Draining        Necr           21%        2d7       8%          3
 Sandblast                Erth           4%         2d4       24%         1
 Summon Small Mammal      Summ           8%         N/A       24%         1
 Animate Dead             Necr           21%        N/A       24%         4
 Call Canine Familiar     Summ           2%         N/A       56%         3
 Passwall                 Erth           2%         N/A       56%         3
 Stone Arrow              Conj/Erth      4%         3d7       56%         3
 Curse of Agony           Necr           21%        N/A       56%         5
 Martyr's Knell           Necr/Summ      12%        N/A       58%         4
 Brom's Barrelling Bould  Conj/Erth      2%         2d3       93%         4
 Summon Blazeheart Golem  Fire/Summ      2%         N/A       93%         4


Dungeon Overview and Level Annotations

Branches:
Dungeon (3/15)            Ossuary (visited)

Altars:
Qazlal

Shops:
D:2 [


Innate Abilities, Weirdness & Mutations

A demonic guardian rushes to your aid.
You have a small tail.


Message History

Casting: Necrotise (safe; 2% risk of failure)
Confirm with . or Enter, or press ? or * to list all spells.
Aiming: Necrotise (safe; 2% risk of failure)
Press: ? - help, Shift-Dir - straight line, f/p - black bear
Aim: a black bear (heavily wounded, chance to affect: 80%)
The black bear writhes in agony!
The black bear closely misses you. x2
The black bear claws you.
Casting: Necrotise (safe; 2% risk of failure)
Confirm with . or Enter, or press ? or * to list all spells.
Aiming: Necrotise (safe; 2% risk of failure)
Press: ? - help, Shift-Dir - straight line, f/p - black bear
Aim: a black bear (severely wounded, chance to affect: 80%)
The black bear barely resists.
The scorpion stings you.
The black bear goes berserk!
Casting: Necrotise (safe; 2% risk of failure)
Confirm with . or Enter, or press ? or * to list all spells.
Aiming: Necrotise (safe; 2% risk of failure)
Press: ? - help, Shift-Dir - straight line, f/p - black bear
Aim: a black bear (severely wounded, berserk, chance to affect: 80%)
The black bear writhes in agony.
The scorpion closely misses you. The black bear misses you.
The black bear claws you. x2
Casting: Necrotise (safe; 2% risk of failure)
Confirm with . or Enter, or press ? or * to list all spells.
Aiming: Necrotise (safe; 2% risk of failure)
Press: ? - help, Shift-Dir - straight line, f/p - black bear
Aim: a black bear (severely wounded, berserk, chance to affect: 80%)
The black bear writhes in agony.
The black bear barely misses you. The black bear claws you.
A demonic guardian appears!
The black bear claws you. The scorpion barely misses you.
The black bear bites you. The black bear misses you. The black bear claws you.
* * * LOW HITPOINT WARNING * * *
Casting: Necrotise (safe; 2% risk of failure)
Confirm with . or Enter, or press ? or * to list all spells.
Aiming: Necrotise (safe; 2% risk of failure)
Press: ? - help, Shift-Dir - straight line, f/p - black bear
Aim: a black bear (almost dead, berserk, chance to affect: 80%)
The black bear writhes in agony.
The scorpion stings you!
* * * LOW HITPOINT WARNING * * *
The black bear bites you!
You die...

..... .... ...#
..##### ##
.?....# #..##....
.##..#.sh#
.......@#
.....4..#
........#####.##.
..####...........
# #...####.##.
##...# #.# #.#.#
#.# ##.##.#.###.#
#........##.#


You could see a black bear (berserk), a scorpion (ally target) and a friendly
hellwing (summoned).

Vanquished Creatures
  Jessica (D:2)
  Terence (D:2)
  An orc wizard (D:6)
  4 mummies (Ossuary)
  2 adders (D:2)
  A ribbon worm (D:2)
  A dart slug (D:1)
  4 ball pythons
  An endoplasm (D:1)
  4 giant cockroaches (D:1)
  2 gnoll zombies (Ossuary)
  3 goblins (D:1)
  3 hobgoblins
  6 jackals (D:1)
  4 kobolds
  A quokka (D:1)
  5 bats
  A frilled lizard (D:1)
  2 hobgoblin zombies
  A kobold zombie (Ossuary)
  2 orc zombies (Ossuary)
  3 rats
53 creatures vanquished.

Vanquished Creatures (collateral kills)
  An orc priest (D:6)
  4 mummies (Ossuary)
  2 orcs (D:6)
  A ball python (D:2)
  An endoplasm (D:1)
  A jackal (D:1)
  2 kobold zombies (Ossuary)
12 creatures vanquished.

Grand Total: 65 creatures vanquished

Notes
Turn   | Place    | Note
-------+----------+-------------------------------------------
     0 | D:1      | PaiMei the Demonspawn Necromancer began the quest for the
                  | Orb.
     0 | D:1      | Reached XP level 1. HP: 13/13 MP: 3/3
   154 | D:1      | Gained mutation: A weak demonic guardian rushes to your
                  | aid. [demonic ancestry]
   154 | D:1      | Reached XP level 2. HP: 15/19 MP: 0/5
   518 | D:1      | Gained mutation: You have a small tail. [demonic ancestry]
   518 | D:1      | Reached XP level 3. HP: 24/24 MP: 2/6
  1010 | D:2      | Found a stormy altar of Qazlal.
  1462 | D:2      | Found Fuolog's Antique Armour Shoppe.
  1542 | D:2      | Noticed Jessica
  1547 | D:2      | Killed Jessica
  1548 | D:2      | Reached skill level 5 in Necromancy
  1548 | D:2      | Gained mutation: A demonic guardian rushes to your aid.
                  | [demonic ancestry]
  1548 | D:2      | Reached XP level 4. HP: 30/30 MP: 3/8
  1660 | D:2      | Noticed Terence
  1677 | D:2      | Killed Terence
  2050 | D:3      | You fall into a shaft and drop 3 floors!
  2058 | D:6      | Found a sand-covered staircase.
  2080 | D:6      | Reached XP level 5. HP: 29/35 MP: 7/9
  2217 | Ossuary  | Entered an ossuary
  2411 | Ossuary  | Reached skill level 1 in Fighting
  3483 | Ossuary  | Reached XP level 6. HP: 38/43 MP: 10/10
  3736 | D:6      | Slain by a black bear

Illustrated notes

Levels and vault maps discovered:
D:1:      lightli_arrival_noodles, layout_rooms
D:2:      layout_loops_corners, basic_altar, serial_shops,
          nicolae_shop_hallway_plus, uniq_jessica, uniq_terence
D:3:      layout_basic, gammafunk_ghost_abyssal_escape,
          kennysheep_generic_room_11, uniq_grinder
D:6:      layout_rooms, grunt_gozag_statues, enter_ossuary_3, uniq_maggie,
          uniq_menkaure

Skill      XL: |  1  2  3  4  5 |
---------------+----------------+-----
Stealth        | 2 3 |  3.0
Dodging        | 2 3 |  3.2
Necromancy     | 5 |  5.5
Spellcasting   | 3 |  3.3
Fighting       | 1 |  1.5

Action                     |  1- 3 |  4- 6 || total
---------------------------+-------+-------++-------
  Melee: Dagger            |    11 |   105 ||   116
         Tailslap          |       |    19 ||    19
         Punch             |       |     2 ||     2
   Cast: Necrotise         |    64 |    23 ||    87
   Stab: Distracted        |       |     1 ||     1
 Armour: Robe              |    15 |     3 ||    18
         Leather armour    |       |    49 ||    49
  Dodge: Dodged            |    14 |    38 ||    52
